 Dungeon Crawl Stone Soup version 0.29.1-1-gd02db6906a (webtiles) character file.

Game seed: 3445044342836098175

26 mtoz the Digger (level 3, -2/19 HPs)
             Began as a Gargoyle Earth Elementalist on Sept 29, 2022.
             Slain by a gnoll
             ... wielding a +0 flail
              (8 damage)
             ... on level 2 of the Dungeon.
             The game lasted 00:06:24 (1278 turns).

mtoz the Digger (Gargoyle Earth Elementalist)       Turns: 1278, Time: 00:06:25

Health: -2/19      AC:  8    Str: 11    XL:     3   Next: 8%
Magic:  5/6        EV: 12    Int: 17    God:
Gold:   40         SH:  0    Dex: 10    Spells: 5/6 levels left

rFire   + . .      SeeInvis .   (no weapon)
rCold   . . .      Faith    .   (no shield)
rNeg    + . .      Spirit   .   a - +0 robe
rPois   ∞          Reflect  .   g - +0 helmet
rElec   +          Harm     .   (no cloak)
rCorr   .          Rampage  .   j - +1 pair of gloves
Will    .....                   (no boots)
Stlth   ++........              (no amulet)
HPRegen 0.06/turn               h - ring of protection from fire
MPRegen 0.10/turn               (no ring)

@: no status effects
A: sickness immunity, AC +3, negative energy resistance 1, electricity
resistance, torment resistance 1, petrification resistance
a: no special abilities


You were on level 2 of the Dungeon.
You visited 1 branch of the dungeon, and saw 2 of its levels.

You collected 40 gold pieces.

Inventory:

Armour
 a - a +0 robe (worn)
 g - a +0 helmet (worn)
 j - a +1 pair of gloves (worn)
Jewellery
 h - a ring of protection from fire (left hand)
Scrolls
 c - a scroll of immolation {unknown}
 f - 3 scrolls of identify
 i - a scroll of noise {unknown}
 l - a scroll of amnesia {unknown}
 m - a scroll of magic mapping {unknown}
Potions
 b - 3 potions of magic
 d - a potion of degeneration
 e - a potion of curing {unknown}
 k - a potion of might {unknown}
 n - a potion of brilliance {unknown}


   Skills:
 + Level 1.8 Dodging
 + Level 2.5 Stealth
 + Level 2.1 Spellcasting
 + Level 0.9 Conjurations
 + Level 1.0 Transmutations
 + Level 3.9 Earth Magic
 + Level 0.6 Invocations


You had 5 spell levels left.
You knew the following spells:

 Your Spells              Type           Power      Damage    Failure   Level
a - Sandblast             Erth           30%        2d9       3%          1

Your spell library contained the following spells:

 Spells                   Type           Power      Damage    Failure   Level
 Passwall                 Tmut/Erth      8%         N/A       11%         2
 Stone Arrow              Conj/Erth      20%        3d8       22%         3
 Petrify                  Tmut/Erth      10%        N/A       56%         4


Dungeon Overview and Level Annotations

Branches:
Dungeon (2/15)

Altars:


Innate Abilities, Weirdness & Mutations

You are immune to sickness and miasma.
Your stone body is resilient. (AC +3)
You are immune to poison.
You resist negative energy. (rN+)
You are resistant to electric shocks. (rElec)
You are resistant to unholy torment.
You are immune to petrification.


Message History

There is a stone staircase leading up here.
Aiming: Sandblast (safe; 4% risk of failure)
Press: ? - help, Q - select action Shift-Dir - straight line, f - adder
Aim: an adder (70% to hit)
The blast of sand hits the adder!
The adder is severely wounded.
The adder bites you but does no damage. The adder closely misses you.
Aiming: Sandblast (safe; 4% risk of failure)
Press: ? - help, Q - select action Shift-Dir - straight line, f/p - adder
Aim: an adder (severely wounded, 70% to hit)
The blast of sand misses the adder.
The adder closely misses you. x2
Aiming: Sandblast (safe; 4% risk of failure)
Press: ? - help, Q - select action Shift-Dir - straight line, f/p - adder
Aim: an adder (severely wounded, 70% to hit)
The blast of sand hits the adder!
You kill the adder!
You have reached level 3!
Your experience leads to an increase in your attributes!
Increase (S)trength, (I)ntelligence, or (D)exterity?
You feel clever. x2
Magic restored.
You open the large door. 2 gnolls come into view.
The gnoll shouts! x2
A bat comes into view.
The gnoll misses you.
Aiming: Sandblast (safe; 3% risk of failure)
Press: ? - help, Q - select action Shift-Dir - straight line, f - gnoll
Aim: a gnoll, wielding a +0 flail (84% to hit)
The blast of sand hits the gnoll!
The gnoll is heavily wounded.
The gnoll hits you from afar with a +0 halberd!
Ouch! That really hurt!
A gnoll comes into view. It is wielding a +0 club.
The gnoll hits you with a +0 flail. The gnoll completely misses you.
A gnoll comes into view. It is wielding a +0 whip.
The gnoll shouts!
The gnoll attacks as you move away! The gnoll hits you with a +0 flail!
You die...

## .# ##### .#
##########...#####
.####................#
......#...###.####+##.
.#####.....##..## <#
##...####..## # ##
##.## ##.@## .## # #.#
####.g##...## # #.#
#.....g'b.8.+ #
##+###..##..##gb.##
##...#..##..## .##
##......##..## # #
##.......#..#
####..........#
...'...........


You could see 3 gnolls and a bat.

Vanquished Creatures
  An adder (D:2)
  A dart slug (D:1)
  3 ball pythons (D:1)
  2 giant cockroaches (D:1)
  2 hobgoblins (D:1)
  2 jackals
  A kobold (D:1)
  A frilled lizard (D:1)
13 creatures vanquished.

Notes
Turn   | Place    | Note
-------+----------+-------------------------------------------
     0 | D:1      | mtoz the Gargoyle Earth Elementalist began the quest for
                  | the Orb.
     0 | D:1      | Reached XP level 1. HP: 10/10 MP: 3/3
    32 | D:1      | Found a faded altar of an unknown god.
   136 | D:1      | You fall into a shaft and drop 1 floor!
   579 | D:1      | Reached XP level 2. HP: 15/15 MP: 0/5
   714 | D:1      | Reached skill level 1 in Transmutations
  1210 | D:2      | Reached XP level 3. HP: 19/19 MP: 2/6
  1278 | D:2      | Slain by a gnoll

Illustrated notes

Levels and vault maps discovered:
D:1:      dreamdust_arrival_beginning_and_end, layout_rooms,
          basic_ecumenical_altar, kennysheep_small_spiral, serial_bayou_pond_d
D:2:      layout_loops_corners, grunt_decor_arrowhead, minivault_14,
          minmay_increasing_density

Skill      XL: |  1  2 |
---------------+-------+-----
Transmutations | 1 |  1.0
Dodging        | |  1.8
Stealth        | |  2.5
Spellcasting   | |  2.1
Conjurations   | |  0.9
Earth Magic    | |  3.9
Invocations    | |  0.6

Action                   || total
-------------------------++-------
 Cast: Sandblast         ||    23
  Use: Potion            ||     2
       Scroll            ||     1
Armor: Robe              ||    10
Dodge: Dodged            ||    23
